AoeStats
← areozi

Arena

510058026Analyzed
1v1 RM · 4d ago on Sep 29, 2026· 44m 7s· 2 players
Game mode
Random Map
Map size
Tiny (2 player)
Population
200
Speed
Normal
Resources
Standard
Victory
Conquest
Starting age
Dark Age
Ending age
Imperial Age
RankedLock teamsTeams togetherTeam positionsShared explorationLock speedFull tech treeHidden civsTurbo modeCheats
Victory
Defeat
🇫🇷 Mongols · France
827
+15
🇺🇸 Danes · United States
815
-15
seagull warrior
13:05 Feudal Age
18:00 Castle Age
17:02 Horse Collar
17:09 Double-Bit Axe
19:17 Forging
19:09 Scale Mail Armor
18:56 Arson
19:11 Squires
24:48 Fletching
24:59 Padded Archer Armor
26:24 Elite Skirmisher
27:13 Bodkin Arrow
28:20 Leather Archer Armor
30:05 Thumb Ring
30:46 Ballistics
31:54 Iron Casting
31:35 Chain Mail Armor
41:05 Imperial Age
areozi
5:37 Loom
14:52 Feudal Age
19:57 Castle Age
17:52 Double-Bit Axe
23:13 Bow Saw
26:24 Husbandry
26:28 Fletching
28:24 Bloodlines
29:49 Bodkin Arrow
31:46 Man-at-Arms
34:44 Long Swordsman
44:30 Imperial Age
Connection lost

Rejoining the realm…

Still unreachable

The connection could not be restored.

Session expired

The server has moved on; the page needs a fresh start.